 Dungeon Crawl Stone Soup version 0.30-a0-358-g0d69a1922f (webtiles) character file.

Game seed: 6340486771261594463

505 IdlyInterested the Twirler (level 6, 0/48 HPs)
             Began as a Demonspawn Wanderer on Nov 9, 2022.
             Killed from afar by Blork the orc (9 damage)
             ... with a puff of flame
             ... on level 4 of the Dungeon.
             The game lasted 00:13:59 (3469 turns).

IdlyInterested the Twirler (Demonspawn Wanderer)    Turns: 3469, Time: 00:13:59

Health: 0/48       AC:  7    Str: 11    XL:     6   Next: 96%
Magic:  7/7        EV: 11    Int: 14    God:
Gold:   275        SH:  0    Dex: 15    Spells: 4/7 levels left

rFire   . . .      SeeInvis .    r - +1 short sword (flame)
rCold   . . .      Faith    .    (no shield)
rNeg    . . .      Spirit   .    m - +0 ring mail
rPois   .          Reflect  .    (helmet restricted)
rElec   .          Harm     .    (no cloak)
rCorr   .          Rampage  .    b - +0 pair of gloves
Will    .....                    g - +0 pair of boots
Stlth   +.........               (no amulet)
HPRegen 0.28/turn                (no ring)
MPRegen 0.10/turn                (no ring)

@: invisible
A: horns 1, foul stench 2, demonic magic 1
a: no special abilities


You were on level 4 of the Dungeon.
You visited 1 branch of the dungeon, and saw 4 of its levels.

You collected 275 gold pieces.

Inventory:

Hand Weapons
 r - a +1 short sword of flaming (weapon)
 s - a +0 short sword
 v - a +2 whip of draining
Missiles
 c - 7 boomerangs
 j - 52 stones (quivered)
 y - a poisoned dart
Armour
 b - a +0 pair of gloves (worn)
 d - a +0 robe
 g - a +0 pair of boots (worn)
 m - a +0 ring mail (worn)
 n - a +0 leather armour
Scrolls
 h - a scroll of teleportation
 w - a scroll of fear
Potions
 e - a potion of experience
 k - a potion of lignification
 l - a potion of attraction


   Skills:
 - Level 4.0 Fighting
 * Level 2.1 Short Blades
 - Level 4.4 Staves
 - Level 1.0 Throwing
 - Level 1.0 Armour
 - Level 4.0 Dodging
 + Level 1.0 Stealth
 - Level 1.0 Spellcasting
 * Level 1.5 Conjurations
 - Level 1.0 Translocations
 - Level 1.0 Evocations


You had 4 spell levels left.
You knew the following spells:

 Your Spells              Type           Power      Damage    Failure   Level
a - Mephitic Cloud        Conj/Pois/Air  2%         N/A       83%         3

Your spell library contained the following spells:

 Spells                   Type           Power      Damage    Failure   Level
 Magic Dart               Conj           16%        1d3       32%         1
 Apportation              Tloc           6%         N/A       38%         1
 Necrotise                Necr           0%         1d4       52%         1
 Summon Small Mammal      Summ           0%         N/A       52%         1
 Call Imp                 Summ           0%         N/A       67%         2
 Portal Projectile        Hex/Tloc       4%         N/A       83%         3
 Vhi's Electric Charge    Tloc/Air       4%         N/A       83%         3
 Call Canine Familiar     Summ           0%         N/A       88%         3
 Leda's Liquefaction      Hex/Erth       0%         N/A       99%         4
 Borgnjor's Revivificati  Necr           0%         N/A       100%        8
 Necromutation            Tmut/Necr      0%         N/A       100%        8
 Death's Door             Necr           0%         N/A       100%        9


Dungeon Overview and Level Annotations

Branches:
Dungeon (4/15)
 Temple: D:4-7

Altars:
Hepliaklqana

Annotations:
D:4 Blork the orc


Innate Abilities, Weirdness & Mutations

You have a pair of small horns on your head.
You sometimes emit foul miasma when damaged in melee.
Spells you cast may paralyse adjacent enemies.


Message History

* * * LOW HITPOINT WARNING * * *
Blork the orc looks encouraged for a moment.
You feel much better. Blork the orc barely misses you.
You fade into invisibility!
Blork the orc hits you but does no damage.
Blork the orc hits you with a +4 quarterstaff.
Found a hazy altar of Hepliaklqana.
You closely miss Blork the orc. You barely miss Blork the orc.
Blork the orc barely misses you.
You catch the helpless Blork the orc completely off-guard!
You hit Blork the orc. You burn Blork the orc. You punch Blork the orc.
Blork the orc is moderately wounded.
Blork the orc hits you with a +4 quarterstaff.
Blork the orc barely misses you.
Blork the orc hits you with a +4 quarterstaff.
* * * LOW HITPOINT WARNING * * *
You hit Blork the orc but do no damage.
Blork the orc is moderately wounded.
Blork the orc closely misses you.
You hit Blork the orc but do no damage.
Blork the orc is moderately wounded.
Blork the orc casts a spell at you. The puff of frost misses you.
Blork the orc gestures at you while chanting.
The puff of flame hits you.
* * * LOW HITPOINT WARNING * * *
You hit Blork the orc but do no damage. You headbutt Blork the orc.
Blork the orc is heavily wounded.
Blork the orc barely misses you.
You hit Blork the orc. You burn Blork the orc.
Blork the orc is heavily wounded.
Blork the orc gestures at you while chanting.
The puff of flame hits you.
* * * LOW HITPOINT WARNING * * *
You hit Blork the orc. You burn Blork the orc.
Blork the orc is severely wounded.
Blork the orc misses you.
Blork the orc gestures at you while chanting.
The puff of flame hits you!
You die...

#...#.......###.............)...
#........<..........#..###.#....
###.......#####.####.######.##..)
#.........#.. #.#.##.#####..###..
..........#._.#......#.#.....#...
#..###....#...#...####......###.#
##..#######..§#######§......##..#
...## .....§§§§.§§§§...........
##..### _...#§§§@§§§§§§..........
#....# ....§§§§o§§§§§§....))....
##....# ###..§#######§.....).....
#....## #.. #..###....).....
##...# #. ##...##...#......
#....# # #....##...##..##. #....#
#.#...#...#...##. ##.[.#
##..#..........## #####
#.##..........#.


You could see Blork the orc (fast, unable to see you).

Vanquished Creatures
  An ogre (D:4)
  2 scorpions (D:4)
  3 orc wizards (D:4)
  7 gnolls
  5 adders
  2 worms
  4 dart slugs
  6 orcs (D:4)
  5 bats
  6 endoplasms
  4 goblins
  5 hobgoblins
  4 jackals (D:1)
  4 quokkas
  4 ball pythons
  2 frilled lizards
  12 kobolds
  4 rats
80 creatures vanquished.

Vanquished Creatures (collateral kills)
  An orc priest (D:4)
  2 orcs (D:4)
3 creatures vanquished.

Vanquished Creatures (others)
  A plant (D:4)
1 creature vanquished.

Grand Total: 84 creatures vanquished

Notes
Turn   | Place    | Note
-------+----------+-------------------------------------------
     0 | D:1      | IdlyInterested the Demonspawn Wanderer began the quest for
                  | the Orb.
     0 | D:1      | IdlyInterested set off with the following items: a +2
                  | quarterstaff, a +0 pair of gloves, a scroll of summoning, a
                  | +0 robe; and the following spell memorised: Apportation;
                  | and the following spells available to memorise: Vhi's
                  | Electric Charge.
     0 | D:1      | Reached XP level 1. HP: 15/15 MP: 2/2
   292 | D:1      | Found a faded altar of an unknown god.
   406 | D:1      | Gained mutation: You have a pair of small horns on your
                  | head. [demonic ancestry]
   406 | D:1      | Reached XP level 2. HP: 12/21 MP: 3/3
   894 | D:2      | Reached XP level 3. HP: 21/26 MP: 4/4
  1101 | D:2      | Reached skill level 1 in Armour
  1190 | D:2      | Gained mutation: You may rarely emit foul miasma when
                  | damaged in melee. [demonic ancestry]
  1190 | D:2      | Reached XP level 4. HP: 31/33 MP: 5/5
  2113 | D:3      | Reached skill level 1 in Stealth
  2672 | D:4      | Noticed a scorpion
  2685 | D:4      | Killed a scorpion
  2686 | D:4      | Gained mutation: You sometimes emit foul miasma when
                  | damaged in melee. [demonic ancestry]
  2686 | D:4      | Reached XP level 5. HP: 21/40 MP: 6/6
  2710 | D:4      | Reached skill level 1 in Throwing
  2736 | D:4      | Gained mutation: Spells you cast may paralyse adjacent
                  | enemies. [demonic ancestry]
  2736 | D:4      | Reached XP level 6. HP: 14/47 MP: 7/7
  2741 | D:4      | Learned a level 3 spell: Mephitic Cloud
  2806 | D:4      | Reached skill level 1 in Evocations
  2950 | D:4      | Reached skill level 1 in Short Blades
  2955 | D:4      | Reached skill level 1 in Conjurations
  3450 | D:4      | Noticed Blork the orc
  3453 | D:4      | Found a faded altar of an unknown god.
  3460 | D:4      | Found a hazy altar of Hepliaklqana.
  3469 | D:4      | Killed from afar by Blork the orc

Illustrated notes

Levels and vault maps discovered:
D:1:      ncdulo_wetmaze, layout_loops_cross, basic_ecumenical_altar,
          minmay_tetromino_i2
D:2:      wander_river, layout_loops_ring
D:3:      layout_loops_ring
D:4:      layout_cave_pools, beargit_hepliaklqana_dungeon_heroes, st_stairs_4,
          serial_bayou_pond_b

Skill      XL: |  1  2  3  4  5  6 |
---------------+-------------------+-----
Dodging        | 4 |  4.0
Staves         | 3 4 |  4.4
Armour         | 1 |  1.0
Fighting       | 2 3 4 |  4.0
Stealth        | 1 |  1.0
Throwing       | 1 |  1.0
Evocations     | 1 |  1.0
Short Blades   | 2 |  2.1
Conjurations   | 1 |  1.5
Spellcasting   | |  1.0
Translocations | |  1.0

Action                   |  1- 3 |  4- 6 || total
-------------------------+-------+-------++-------
Melee: Quarterstaff      |    75 |    19 ||    94
       Headbutt          |    13 |    31 ||    44
       Whip              |       |    83 ||    83
       Punch             |       |     3 ||     3
       Short sword       |       |    66 ||    66
Throw: Stone             |     1 |       ||     1
       Dart              |       |     2 ||     2
  Use: Scroll            |     3 |     5 ||     8
       Potion            |     1 |     8 ||     9
 Stab: Invisible         |       |     1 ||     1
Armor: Robe              |     9 |       ||     9
       Ring mail         |     3 |    60 ||    63
Dodge: Dodged            |    50 |    80 ||   130

Table legend: (Time is in decaauts)
 A = Elapsed time spent in this place.
 B = Non-inter-level travel time spent in this place.
 C = Inter-level travel time spent in this place.
 D = Time resting spent in this place.
 E = Time spent auto-exploring this place.
 F = Levels seen in this place.
 G = Mean time per level.
                   A        B        C        D        E       F      G
               +--------+--------+--------+--------+--------+-----+--------+
         Total |   3493 |   3119 |    374 |    307 |   2016 |   4 |  873.2 |
       Dungeon |   3493 |   3119 |    374 |    307 |   2016 |   4 |  873.2 |
               +--------+--------+--------+--------+--------+-----+--------+

Top non-repeatable levels by time:
     D:2: 943 daAuts
     D:4: 865 daAuts
     D:3: 861 daAuts
     D:1: 823 daAuts
